 Dungeon Crawl Stone Soup version 0.22.1-1-ga44c0e56f4 (webtiles) character file.

62 Morbidden the Sneak (level 4, 0/38 HPs)
             Began as a Gnoll Assassin on Oct 29, 2018.
             Slain by a gnoll
             ... wielding a +0 spear
              (7 damage)
             ... on level 3 of the Dungeon.
             The game lasted 00:02:54 (1129 turns).

Morbidden the Sneak (Gnoll Assassin)                Turns: 1129, Time: 00:02:55

Health: 0/38       AC:  3    Str: 14    XL:     4   Next: 8%
Magic:  5/5        EV: 19    Int: 21    God:
Gold:   40         SH:  4    Dex: 21    Spells: 5/5 levels left

rFire    . . .     SeeInvis .   a - +2 dagger
rCold    . . .     Gourm    .   (no shield)
rNeg     . . .     Faith    .   c - +0 robe
rPois    .         Spirit   .   (no helmet)
rElec    .         Reflect  +   d - +0 cloak
rCorr    .         Harm     .   (no gloves)
MR       .....                  (no boots)
Stlth    +++++.....             p - +4 amulet of reflection
HPRegen  0.12/turn              j - +2 ring of intelligence
MPRegen  0.09/turn              (no ring)

@: brilliant, agile
A: distributed training, fangs 1, strong nose
a: no special abilities


You were on level 3 of the Dungeon.
You were hungry.

You visited 1 branch of the dungeon, and saw 3 of its levels.

You collected 40 gold pieces.

Inventory:

Hand Weapons
 a - a +2 dagger (weapon)
 b - a +0 blowgun
Missiles
 e - 8 poisoned needles
 f - 2 curare-tipped needles
Armour
 c - a +0 robe (worn)
 d - a +0 cloak (worn)
Jewellery
 j - a +2 ring of intelligence (left hand)
 p - a +4 amulet of reflection (around neck)
Scrolls
 h - a scroll of magic mapping {unknown}
 i - a scroll of identify {unknown}
 k - a scroll of fog {unknown}
 n - a scroll of remove curse {unknown}
 o - a scroll of enchant weapon {unknown}
 q - a scroll of noise {unknown}
Comestibles
 g - 5 rations


   Skills:
 + Level 4.6 Fighting
 + Level 4.6 Short Blades
 + Level 1.0 Long Blades
 + Level 1.0 Axes
 + Level 1.0 Maces & Flails
 + Level 1.0 Polearms
 + Level 1.0 Staves
 + Level 1.0 Slings
 + Level 1.0 Bows
 + Level 1.0 Crossbows
 + Level 4.6 Throwing
 + Level 1.0 Armour
 + Level 2.7 Dodging
 + Level 7.8 Stealth
 + Level 1.0 Shields
 + Level 1.0 Unarmed Combat
 + Level 1.0 Spellcasting
 + Level 0.7 Conjurations
 + Level 0.7 Hexes
 + Level 0.7 Charms
 + Level 0.7 Summonings
 + Level 0.7 Necromancy
 + Level 0.7 Translocations
 + Level 0.7 Transmutations
 + Level 0.7 Fire Magic
 + Level 0.7 Ice Magic
 + Level 0.7 Air Magic
 + Level 0.7 Earth Magic
 + Level 0.7 Poison Magic
 + Level 1.1 Invocations
 + Level 1.0 Evocations


You had 5 spell levels left.
You didn't know any spells.
Your spell library was empty.

Dungeon Overview and Level Annotations

Branches:
Dungeon (3/15)

Altars:


Innate Abilities, Weirdness & Mutations

Your experience applies equally to all skills.
You have very sharp teeth.
Your uncanny sense of smell can sniff out nearby items.


Message History

Unknown command.
You see here a ring mail.
The hound bites you.
* * * LOW HITPOINT WARNING * * *
You hit the hound. You bite the hound, but do no damage.
The hound is heavily wounded.
The hound completely misses you.
You closely miss the hound.
The hound is heavily wounded.
You block the hound's attack.
Unknown command.
You hit the hound.
The hound is almost dead.
The hound misses you. You block the gnoll's attack.
Unknown command.
You closely miss the hound. You bite the hound, but do no damage.
The hound is almost dead.
The hound barely misses you.
The gnoll hits you from afar with a spear!
You die...

#############
#......hh@..#
#.#.#..g###.######
#..###..##.......# ###
#.##........####.###.## #
#).#.#..#.....##.##...## .
#.#.....##..#.##.#...?.###
#.......#####.............
###..#..#...#.####.....###
#..#.P#...#######...####


You could see 2 hounds and a gnoll.

Vanquished Creatures
  A bullfrog skeleton (D:3)
  An ooze (D:3)
  A leopard gecko (D:3)
  A giant cockroach (D:1)
  3 goblins
  A hobgoblin (D:1)
  8 jackals (D:1)
  2 kobolds (D:1)
  A quokka (D:2)
  2 bats
  A frilled lizard (D:1)
  5 rats
27 creatures vanquished.

Notes
Turn   | Place    | Note
-------+----------+-------------------------------------------
     0 | D:1      | Morbidden the Gnoll Assassin began the quest for the Orb.
     0 | D:1      | Reached XP level 1. HP: 20/20 MP: 1/1
   120 | D:1      | Reached XP level 2. HP: 19/26 MP: 2/2
   686 | D:2      | Reached XP level 3. HP: 9/31 MP: 3/3
  1021 | D:3      | Reached skill level 1 in Long Blades
  1021 | D:3      | Reached skill level 1 in Axes
  1021 | D:3      | Reached skill level 1 in Maces & Flails
  1021 | D:3      | Reached skill level 1 in Polearms
  1021 | D:3      | Reached skill level 1 in Staves
  1021 | D:3      | Reached skill level 1 in Slings
  1021 | D:3      | Reached skill level 1 in Bows
  1021 | D:3      | Reached skill level 1 in Crossbows
  1021 | D:3      | Reached skill level 1 in Armour
  1021 | D:3      | Reached skill level 1 in Shields
  1021 | D:3      | Reached skill level 1 in Unarmed Combat
  1021 | D:3      | Reached skill level 1 in Spellcasting
  1021 | D:3      | Reached skill level 1 in Invocations
  1021 | D:3      | Reached skill level 1 in Evocations
  1029 | D:3      | Reached XP level 4. HP: 19/38 MP: 3/5
  1129 | D:3      | Slain by a gnoll

Skill      XL: |  1  2  3 |
---------------+----------+-----
Long Blades    | 1 |  1.0
Axes           | 1 |  1.0
Maces & Flails | 1 |  1.0
Polearms       | 1 |  1.0
Staves         | 1 |  1.0
Slings         | 1 |  1.0
Bows           | 1 |  1.0
Crossbows      | 1 |  1.0
Armour         | 1 |  1.0
Shields        | 1 |  1.0
Unarmed Combat | 1 |  1.0
Spellcasting   | 1 |  1.0
Invocations    | 1 |  1.1
Evocations     | 1 |  1.0
Fighting       | |  4.6
Short Blades   | |  4.6
Throwing       | |  4.6
Dodging        | |  2.7
Stealth        | |  7.8
Conjurations   | |  0.7
Hexes          | |  0.7
Charms         | |  0.7
Summonings     | |  0.7
Necromancy     | |  0.7
Translocations | |  0.7
Transmutations | |  0.7
Fire Magic     | |  0.7
Ice Magic      | |  0.7
Air Magic      | |  0.7
Earth Magic    | |  0.7
Poison Magic   | |  0.7

Action                   |  1- 3 |  4- 6 || total
-------------------------+-------+-------++-------
Melee: Dagger            |    68 |     9 ||    77
       Bite              |     6 |     2 ||     8
  Use: Potion            |       |     2 ||     2
 Stab: Sleeping          |    13 |       ||    13
Armor: Robe              |    21 |     1 ||    22
Dodge: Dodged            |    42 |    12 ||    54
Block: Other             |       |     7 ||     7
